Cogmind - Beta 15 @@@ ROGUE MODE // 2025.05.15 @ 22:34:32 Player: Epsilon 11 Result: Destroyed by D-53 Grenadier with Mini Grenade Launcher Performance ------------- Evolutions (0) 0 Regions Visited (2) 400 Robots Destroyed (16) 80 Value Destroyed (450) 450 Prototype IDs (2) 40 Alien Tech Used (0) 0 Bonus (0) 0 TOTAL SCORE: 970 Bonus ------- None Cogmind --------- Core Integrity 0/250 Matter 244/300 Energy 100/100 System Corruption 1% Temperature Cool (0) Movement Walking (120) Location -10/Mines Parts ------- > --- POWER (1) -------- (None) > --- PROPULSION (2) --- Improved Aluminum Leg Improved Aluminum Leg > --- UTILITY (2) ------ Large Storage Unit Power Shielding > --- WEAPON (2) ------- Improved Assault Rifle > --- INVENTORY (15) --- Light Nuclear Core Improved Aluminum Leg Improved Aluminum Leg Small Matter Pod (50) Visual Processing Unit Sensor Array Seismic Detector Tractor Beam Improved Assault Rifle Rocket Launcher Hammer Peak State ------------ > --- POWER ------------ Ion Engine > --- PROPULSION ------- Improved Aluminum Leg Improved Aluminum Leg > --- UTILITY ---------- Large Storage Unit Power Shielding > --- WEAPON ----------- Improved Assault Rifle Improved Assault Rifle > --- INVENTORY -------- Light Nuclear Core Improved Aluminum Leg Improved Aluminum Leg Small Matter Pod Visual Processing Unit Sensor Array Seismic Detector Tractor Beam Improved Assault Rifle Rocket Launcher Hammer [Rating: 14] Favorites ----------- Power Ion Engine Engine Ion Engine Propulsion Wheel Leg Improved Aluminum Leg Wheel Wheel Utility Large Storage Unit Storage Large Storage Unit Protection Power Shielding Weapon Improved Assault Rifle Energy Gun EM Pulse Gun Ballistic Gun Improved Assault Rifle Launcher Rocket Launcher Build | -11 -10 -10 ------- Run | Yrd Mat Min Slots Evolved . | . . . Power . | . . . Propulsion . | . . . Utility . | . . . Weapon . | . . . Parts Attached 18 | 6 8 4 Power 1 | 1 . . Engine 1 | 1 . . Core . | . . . Reactor . | . . . Propulsion 6 | 2 2 2 Treads . | . . . Leg 2 | . . 2 Wheel 4 | 2 2 . Hover . | . . . Flight . | . . . Utility 3 | 1 2 . Device . | . . . Storage 2 | 1 1 . Processor . | . . . Hackware . | . . . Protection 1 | . 1 . Artifact . | . . . Weapon 8 | 2 4 2 Energy Gun 1 | 1 . . Energy Cannon . | . . . Ballistic Gun 6 | 1 4 1 Ballistic Cannon . | . . . Launcher 1 | . . 1 Special Weapon . | . . . Impact Weapon . | . . . Slashing Weapon . | . . . Piercing Weapon . | . . . Special Melee Weapon . | . . . Unidentified Prototypes . | . . . Parts Lost 5 | . 1 4 Power 1 | . . 1 Propulsion 2 | . . 2 Utility . | . . . Weapon 2 | . 1 1 Highest Loss Streak 4 | . 1 4 To Critical Strikes . | . . . Average Backups 8 | . 6 12 Power . | . . 1 Propulsion 2 | . 1 3 Utility 2 | . 2 5 Weapon 2 | . 1 2 Tool/Special . | . . . Unused Backups 11 | . 2 9 Power 1 | . . 1 Propulsion 2 | . . 2 Utility 5 | . . 5 Weapon 3 | . 2 1 Tool/Special . | . . . Average Slot Usage (%) 98 | . 97 99 Engine 13 | . 14 13 Wheel 27 | . 28 27 Storage 14 | . 14 14 Protection 12 | . 11 14 Energy Gun 6 | . 10 . Ballistic Gun 17 | . 17 16 Launcher 3 | . . 11 Peak Build Rating 14 | 6 13 14 Average Rating 9 | 4 8 12 On Entrance 6 | . 6 13 Naked Turns . | . . . Heaviest Build 33 | 13 32 33 Greatest Support 26 | 26 26 26 Greatest Overweight (x) 1 | . 1 1 Average Overweight (x) . | . . 1 Largest Inventory Capacity 15 | 8 15 15 Average Capacity 14 | 7 14 15 Most Carried 13 | . 13 13 Average Carried 8 | . 6 12 Final Capacity 15 | 8 15 15 Final Carried 12 | . 12 11 Class Distribution -------------------- 100% | Mutant Dominant Class ---------------- Mutant | -10/Materials Mutant | -10/Mines Resources | -11 -10 -10 ----------- Run | Yrd Mat Min Matter Collected 574 | 230 272 72 Remotely . | . . . Salvage Created 608 | . 500 108 Parts 39 | . 36 3 Haulers Intercepted 1 | . 1 . Recyclers Shooed 1 | . 1 . Parts Field Recycled . | . . . Retrieved Matter . | . . . Parts Self-Destructed . | . . . Prevented . | . . . Kills | -11 -10 -10 ------- Run | Yrd Mat Min Combat Hostiles Destroyed 22 | . 10 12 Guns 10 | . 10 . AOE 12 | . . 12 Classes Destroyed 7 | . 5 2 Worker 1 | . . 1 Hauler 1 | . 1 . Operator 1 | . 1 . Watcher 1 | . 1 . Swarmer 3 | . 3 . Grunt 9 | . 7 2 Assembled 10 | . . 10 Best Kill Streak 10 | . 2 10 Combat Bots Only 9 | . 2 9 Max Kills in Single Turn 5 | . 1 5 Gunslinging . | . . . Exploded 4 | . . 4 Melee . | . . . Uniques/NPCs Destroyed . | . . . Combat | -11 -10 -10 -------- Run | Yrd Mat Min Hostile Shots Fired 52 | . 30 22 Missed 9 | . 4 5 Hits 43 | . 26 17 Projectile 43 | . 26 17 AOE 15 | . . 15 Critical Strikes 1 | . 1 . Damage Taken 997 | . 411 586 Core 267 | . 104 163 Absorbed by Shields . | . . . Redirected to Shielding 18 | . 8 10 Core Remaining (%) 100 | 100 . . Volleys Fired 52 | . 45 7 Largest 2 | . 2 2 Hottest 60 | . 60 46 Shots Fired 95 | . 87 8 Gun 89 | . 87 2 Cannon . | . . . Launcher 6 | . . 6 Special . | . . . Kinetic 58 | . 56 2 Thermal . | . . . Explosive 6 | . . 6 Electromagnetic 31 | . 31 . Robot Hit Streak 11 | . 11 1 Robot Miss Streak 5 | . 5 2 Penetration Max . | . . . Secondary Targets . | . . . Shots Hit Robots 51 | . 49 2 Core Hits 48 | . 23 25 Critical Kills . | . . . Critical Parts Destroyed . | . . . Critical Strikes . | . . . Melee Attacks . | . . . Impact . | . . . Slashing . | . . . Piercing . | . . . Sneak Attacks . | . . . Combat Hostiles . | . . . Follow-up Attacks . | . . . Damage Inflicted 1478 | . 708 770 Guns 684 | . 672 12 Cannons . | . . . Explosions 794 | . 36 758 Melee . | . . . Ramming . | . . . Kinetic 409 | . 397 12 Thermal 36 | . 36 . Explosive 758 | . . 758 Electromagnetic 275 | . 275 . Impact . | . . . Slashing . | . . . Piercing . | . . . Highest Corruption 1 | . 1 1 Average Corruption 1 | . 1 1 Corruption Purged . | . . . Corruption Blocked . | . . . Effects 5 | . 3 2 Message Errors 1 | . . 1 Matter Fused 1 | . . 1 Heat Flow Errors 2 | . 2 . Weapon Failures 1 | . 1 . Overload Shots . | . . . Overflow Damage 44 | . . 44 Projectiles . | . . . Explosions 44 | . . 44 Melee . | . . . Knockbacks . | . . . Impact . | . . . Kinetic . | . . . Secondary . | . . . Self-Inflicted Damage 28 | . 28 . Shots 1 | . 1 . Rammed . | . . . Targets Rammed . | . . . Kicked . | . . . Crushed . | . . . Highest Temperature 134 | . 134 . Average Temperature 41 | . 41 . Received Heat Transfer 201 | . 192 9 Siege Activations . | . . . Martial Activations . | . . . Shielding Activations . | . . . Robots Disrupted . | . . . Combat Hostiles . | . . . Robots Corrupted . | . . . Combat Hostiles . | . . . Parts Fried . | . . . Impact Corruptions . | . . . Robots Melted . | . . . Combat Hostiles . | . . . Parts Melted . | . . . Heat Transferred 50 | . 50 . Parts Sabotaged . | . . . Parts Stolen . | . . . Parts Stripped . | . . . Power Chain Reactions 1 | . 1 . Alert | -11 -10 -10 ------- Run | Yrd Mat Min Maximum Alert Level . | . . . Low Security (%) 100 | 100 100 100 Level 1 . | . . . Level 2 . | . . . Level 3 . | . . . Level 4 . | . . . Level 5 . | . . . High Security . | . . . Max Security . | . . . Peak Influence 102 | . 102 69 Initial 24 | . . 24 Average 31 | . 40 17 Influence Increases 480 | . 386 94 Destroy 0b10 Robot/C 240 | . 200 40 Destroy 0b10 Robot/NC 20 | . 15 5 Destroy Leader 54 | . 44 10 Successful Hack 7 | . 7 . Select Force Hacks 30 | . 30 . Disable Machine 60 | . 60 . Destroy Structure 39 | . . 39 Lose Combat Pursuer 30 | . 30 . Influence Decreases 480 | . 323 157 Entered New Map 39 | . . 39 Time Decay 348 | . 230 118 Lost Part 10 | . 10 . Purge Threat 83 | . 83 . Squads Dispatched 2 | . 2 . Investigation 2 | . 2 . Extermination . | . . . Reinforcement . | . . . Assault . | . . . Garrison . | . . . Intercept . | . . . Searches Triggered . | . . . Construction Impeded . | . . . Haulers Reinforced . | . . . Active Scanning Responses . | . . . Cargo Convoy Interrupts . | . . . Stealth | -11 -10 -10 --------- Run | Yrd Mat Min Distress Signals 2 | . 2 . Communications Jammed . | . . . Distress Signals . | . . . Times Spotted 35 | . 23 12 Peak Tracking Total 15 | . 4 15 Tactical Retreats 3 | . 2 1 Traps | -11 -10 -10 ------- Run | Yrd Mat Min Traps Triggered 3 | . 3 . Indirectly . | . . . Trap Hack Attempts . | . . . Triggered . | . . . Disarmed . | . . . Reprogrammed . | . . . Reused . | . . . Traps Extracted . | . . . Installed . | . . . Triggered . | . . . Machines | -11 -10 -10 ---------- Run | Yrd Mat Min Machines Disabled 4 | . 4 . Max in Single Turn 2 | . 2 . Machines Repaired . | . . . Machines Dismantled . | . . . Machines Sabotaged . | . . . Overloaded Fab Kills . | . . . Hacking | -11 -10 -10 --------- Run | Yrd Mat Min Machines Accessed 7 | . 7 . Terminals 6 | . 6 . Fabricators . | . . . Repair Stations . | . . . Recycling Units 1 | . 1 . Scanalyzers . | . . . Garrison Access . | . . . Total Hacks 20 | . 20 . Successful 7 | . 7 . Failed 13 | . 13 . Catastrophic 1 | . 1 . Database Lockouts . | . . . Manual 13 | . 13 . Terminals 18 | . 18 . Fabricators . | . . . Repair Stations . | . . . Recycling Units 2 | . 2 . Scanalyzers . | . . . Garrison Access . | . . . Terminal Hacks 5 | . 5 . Part Schematic 1 | . 1 . Robot Analysis 1 | . 1 . Prototype ID Bank 1 | . 1 . Unreport Threat 1 | . 1 . Registered Prototypes 1 | . 1 . Fabricator Hacks . | . . . Repair Station Hacks . | . . . Recycling Unit Hacks 1 | . 1 . Report Inventory 1 | . 1 . Scanalyzer . | . . . Garrison Access Hacks . | . . . Unauthorized Hacks 1 | . 1 . Terminals . | . . . Fabricators . | . . . Repair Stations . | . . . Recycling Units 1 | . 1 . Tunnel 1 | . 1 . Scanalyzers . | . . . Garrison Access . | . . . Data Cores Recovered . | . . . Used . | . . . Hacking Detections 7 | . 7 . Full Trace Events . | . . . Feedback Events . | . . . Feedback Blocked . | . . . Robot Schematics Acquired . | . . . Robots Built . | . . . Authchips . | . . . Time . | . . . Total Robot Build Rating . | . . . Part Schematics Acquired 1 | . 1 . Parts Built . | . . . Authchips . | . . . Time . | . . . Total Part Build Rating . | . . . Parts Repaired . | . . . Time . | . . . Parts Recycled . | . . . Recycled Matter . | . . . Retrieved Matter . | . . . Retrieved Components . | . . . Parts Scanalyzed . | . . . Part Schematics Acquired . | . . . Parts Damaged . | . . . Bothacking | -11 -10 -10 ------------ Run | Yrd Mat Min Used RIF Installer . | . . . Robots Hacked . | . . . Non-combat . | . . . Combat . | . . . Robot Hacks Applied . | . . . Relay Couplers Released . | . . . Fabnet Peak Effective % . | . . . Robots Rewired . | . . . Allies Hacked . | . . . Hacks Repelled . | . . . Allies | -11 -10 -10 -------- Run | Yrd Mat Min Total Allies . | . . . Largest Group . | . . . Highest-Rated Group . | . . . Highest-Rated Ally . | . . . Total Orders . | . . . Ally Attacks . | . . . Total Damage . | . . . Kills . | . . . Allies Corrupted . | . . . Allies Melted . | . . . Intel | -11 -10 -10 ------- Run | Yrd Mat Min Active Infowar (turns) . | . . . Robot Analysis Total 1 | . 1 . Derelict Logs Recovered 1 | . . 1 Drone Launches . | . . . Drone Recoveries . | . . . Exploration | -11 -10 -10 ------------- Run | Yrd Mat Min Turns Passed 1124 | 43 709 372 Spaces Moved 891 | 39 495 357 Core 1 | 1 . . Treads . | . . . Legs 5 | . . 5 Wheels 885 | 38 495 352 Hover . | . . . Flight . | . . . Fastest Speed 50 | 50 90 95 Average Speed 98 | 89 101 96 Slowest Speed 190 | 100 105 190 Overloaded Moves . | . . . Propulsion Burnouts . | . . . Robots Hopped . | . . . Potential Cave-ins . | . . . Cave-ins Triggered . | . . . Exploration Rate (%) 55 | 4 86 76 Regions Visited 2 Branch Regions 1 Pre-discovered Areas 1 | . 1 . Known Exits Taken . | . . . Unknown Exits Taken 2 | 1 1 . Scrap Searched 1 | . . 1 Spaces Dug . | . . . Terrain Destroyed 49 | . . 49 Melee . | . . . Projectile . | . . . AOE 49 | . . 49 Terrain Rammed . | . . . Walls Destroyed . | . . . Machines Disabled . | . . . Actions | -11 -10 -10 --------- Run | Yrd Mat Min Total 1036 | 44 615 377 Wait 51 | . 43 8 Move 889 | 38 494 357 Hop . | . . . Pick Up 18 | . 17 1 Fast Attach 10 | 6 4 . Attach 3 | . 1 2 Detach . | . . . Swap 5 | . 3 2 Drop 8 | . 8 . Fire 52 | . 45 7 Melee . | . . . Ram . | . . . Kick . | . . . Crush . | . . . Escape Stasis . | . . . Rewire . | . . . Trap . | . . . Miscellaneous . | . . . Route ------- -11/Scrapyard -10/Materials (discovered 4 exits: [*Mat x3] / [*Min]) -10/Mines History --------- Turn | Location | Event 31 | -11/Scrapyard | Discovered new exit (range 13) 44 | -11/Scrapyard | Entered Materials 239 | -10/Materials | Discovered new exit (range 7) 300 | -10/Materials | Build established: Mutant 363 | -10/Materials | Discovered new exit (range 13) 666 | -10/Materials | Discovered new exit (range 13) 731 | -10/Materials | Discovered new exit (range 9) 753 | -10/Materials | Entered Mines 789 | -10/Mines | Received a Rocket Launcher from a helpful Derelict 882 | -10/Mines | Learned 2 Materials zone layouts 936 | -10/Mines | Assembled infested the area 941 | -10/Mines | Assisted by a Guerilla fighting off Assembled 962 | -10/Mines | Destroyed 9 combat bots 1115 | -10/Mines | Core integrity fell below 50% 1124 | -10/Mines | Core integrity fell below 20% 1125 | -10/Mines | Destroyed by D-53 Grenadier with Mini Grenade Launcher Last Messages --------------- coming from, and they're closing on this area, come on!" 00941_ Destroyed Asb. Hover Unit. 00941_ as-98430 destroyed. 00951_ Acquired 11 matter. 00957_ System corrupted: Matter fused (-7). 00967_ K-01 Serf collects debris. 01070_ as-20512 destroyed. 01073_ U-05 Engineer lays Concrete. 01074_ The unstable cave ceiling collapses. 01075_ U-05 Engineer lays Concrete. 01078_ The unstable cave ceiling collapses. 01078_ U-05 Engineer lays Concrete. 01082_ U-05 Engineer builds a Wall. 01089_ U-05 Engineer lays Concrete. 01115_ Wheel destroyed. 01116_ K-01 Serf destroyed. 01117_ The unstable cave ceiling collapses. 01117_ Ion Engine destroyed. 01118_ The unstable cave ceiling collapses. 01125_ Imp. Assault Rifle destroyed. Map ----- +----------------------------------------------------+ | #####???????????## ##??????????????????????? | | ####????????## #???????????????????????? | | ##??????## #???????????????????????? | | ##????## #????##?????????????????? | | ###### ##??# ##????????????????? | | ### #????????????????? | | #????????????????? | | ########## ##????????????????? | | ####????????## ##?????????????????? | | ##????????????## ##??????????????????? | | #??????????????## #####???????????????????? | | #??????????????## #???????????????????????? | | ?????????????# #???????????????????????? | | # #?????????### #???####????????????????? | | ## #????????## #### ?????????????????? | | ??# #???????# # #??????????????????? | | ???## #?????## #??????????????????? | | ?????# ##?????# ##???#?????????????? | | ??????###???????# # ##? #?????????????? | | ????????????????# ## #?????????????? | | ???????????????## #?????????????? | | ###????????????# #?????????????? | | ##???????##### ###?????????????? | | #???????# d d #??????????????? | | #???????#%#### #???????????????? | | #????????????## ## @ #???????????????? | | #??????????????##?## #???????????????? | | #??????????????????# #???????????????? | | #???????????????????#### ####???????????????? | | ##?????????????????????# ??????????????????? | | ### ????????????###??????????????????? | | %?????????????????????????????????? | | ?????????????????????????????????? | | = ?????????????????????????????????? | | ?????? ?????????????????????????????????? | | ?????????????????????????????????????????????? | | ?????????????????????????????????????????????? | | ?????????????????????????????????????????????? | | | | | | | | | | | | | | | | | | | | | | | | | +----------------------------------------------------+ Best States ------------- Heat Dissipation 25 Energy Generation 10 Energy Capacity 250 Matter Stores 300 Matter Capacity 300 Sight Range 16 Terrain Scan Density 10 Power Shielding 33 Evasion (%) 42 Item Schematics ----------------- Targeting Computer | -10/Materials | Hacked Robot Schematics ------------------ None Fabricated ------------ Nothing Repaired ---------- Nothing Alien Tech Used ----------------- None Achievements -------------- None Challenges ------------ None Game ------ Seed BombardmentUltimateClaw Manual? 0 Play Time 00:13:37 Cumulative 239.1 hours Start 2025.05.15 @ 22:21:37 End 2025.05.15 @ 22:34:32 Sessions 1 Manual Loads 0 Difficulty Rogue Special Mode None Game No. 115 Rogue 72 Adventurer 43 Explorer 0 Win Type - Total 6 Types 4/0/1/0/0/0/0/1/0/0 Lore% 71 Gallery% 67 Achievement% 61 Wizard Run 0 Options --------- Layout 0 ASCII 0 Keyboard 0 Movement Mouse Keybinds 0 Fullscreen 1 Font 24/Smallcaps Map View 76x50 Zoom Use 0% Tactical HUD 1 Map Filters NONE Filters NONE Steam 1 RUN: bd9f8603-981b-44e7-aaab-ef6467f39254